[Event "Titled Tuesday Blitz May 4 2021"]
[White "Zhurbinsky, David"]
[Black "Shkapenko, Pavel"]
[WhiteFideId "2072904"]
[BlackFideId "4151933"]
[WhiteElo "2474"]
[BlackElo "2386"]
[Result "0-1"]
[Round "02"]
[TimeControl "180+1"]
[Date "2021.05.04"]
[WhiteClock "0:00:20"]
[BlackClock "0:00:12"]

1. e4 e5 2. Nf3 Nc6 3. Bb5 Bc5 4. c3 f5 5. Bxc6 dxc6 6. Nxe5 Qh4 7. d4 Qxe4+ 8. Qe2 Qxe2+ 9. Kxe2 Bd6 10. Re1 Nf6 11. f3 O-O 12. Kf2 c5 13. Bg5 cxd4 14. cxd4 Nd5 15. Nc3 Be6 16. Ng6 Rfe8 17. Ne7+ Bxe7 18. Rxe6 Bxg5 19. Rxe8+ Rxe8 20. Nxd5 c6 21. f4 Bh4+ 22. g3 cxd5 23. gxh4 Re4 24. Kf3 Rxd4 25. Rc1 Rc4 26. Rd1 d4 27. Rd2 Kf7 28. Ke2 Rc7 29. Kd3 Rd7 30. Re2 Kg6 31. Re5 a6 32. a4 Kh5 33. Rxf5+ Kxh4 34. Rg5 h6 35. Rg3 Rf7 36. Kxd4 Rxf4+ 37. Ke5 g5 38. b3 Rf2 39. Kd6 Rxh2 40. Rc3 g4 41. Kc7 g3 42. Kxb7 g2 43. Rc4+ Kg5 44. Rc8 Kf4 45. Rg8 Kf3 46. Kxa6 Rh3 47. Rf8+ Ke2 48. Rg8 Kf2 49. Rxg2+ Kxg2 50. b4 Rb3 51. b5 h5 52. b6 h4 53. b7 h3 54. Ka7 h2 55. a5 h1=Q 56. b8=Q Rxb8 57. Kxb8 Qf1 58. Kb7 Qb5+ 59. Kc8 Qxa5 60. Kb8 Qb6+ 61. Ka8 Qc6+ 62. Ka7 Qb5 63. Ka8 Kf3 64. Ka7 Ke4 65. Ka8 Kd5 66. Ka7 Kc6 67. Ka8 Kc7 68. Ka7 Qa5# 0-1


[Site "https://www.chess.com"]

[Event "Titled Tuesday Blitz May 4 2021"]
[White "Zia, Tahsin Tajwar"]
[Black "parintele_chess"]
[WhiteFideId "10211888"]
[WhiteElo "1678"]
[BlackElo "2241"]
[Result "0-1"]
[Round "02"]
[TimeControl "180+1"]
[Date "2021.05.04"]
[WhiteClock "0:01:54"]
[BlackClock "0:02:02"]

1. d4 Nf6 2. c4 b6 3. Nc3 Bb7 4. Qc2 e6 5. e4 d6 6. Nf3 Nbd7 7. Bd3 h6 8. h3 Be7 9. Be3 c5 10. O-O a6 11. d5 e5 12. a3 g5 13. Nh2 Nh5 14. g3 Ndf6 15. Be2 Qd7 16. Kg2 Bc8 17. Ng4 Nf4+ 18. gxf4 gxf4 19. Bd2 h5 20. f3 hxg4 21. hxg4 Rg8 22. Rg1 Nxg4 23. fxg4 Rxg4+ 24. Bxg4 Qxg4+ 25. Kf1 Qf3+ 26. Ke1 Bh4+ 27. Rg3 Bxg3# 0-1


[Site "https://www.chess.com"]

[Event "Titled Tuesday Blitz May 4 2021"]
[White "Zierk, Steven"]
[Black "Alavkin, Arseny"]
[WhiteFideId "2034255"]
[BlackFideId "4120612"]
[WhiteElo "2502"]
[BlackElo "2416"]
[Result "0-1"]
[Round "02"]
[TimeControl "180+1"]
[Date "2021.05.04"]
[WhiteClock "0:00:03"]
[BlackClock "0:00:38"]

1. e4 e6 2. d4 d5 3. Nc3 Bb4 4. Ne2 dxe4 5. a3 Be7 6. Nxe4 Nf6 7. Nxf6+ Bxf6 8. Be3 O-O 9. Qd3 b6 10. Ng3 Bb7 11. Nh5 Be7 12. O-O-O Nd7 13. h4 Nf6 14. Nxf6+ Bxf6 15. h5 Bg5 16. h6 g6 17. Bxg5 Qxg5+ 18. Kb1 Rfd8 19. Qc3 Bd5 20. Bc4 Rac8 21. Bxd5 Qxd5 22. Qe3 Rd7 23. c4 Qf5+ 24. Ka1 Rcd8 25. Rd2 f6 26. Rh3 c5 27. Rf3 cxd4 28. Rxd4 Qe5 29. Qxe5 fxe5 30. Re4 Rf8 31. Rxf8+ Kxf8 32. Rxe5 Rd1+ 33. Ka2 Ke7 34. Re3 Rf1 35. Rf3 Rh1 36. c5 bxc5 37. Kb3 Rxh6 38. Kc4 Rh5 39. Rd3 Rh2 40. Rg3 Rh5 41. Kb5 Rd5 42. b3 g5 43. Rh3 Rd2 44. Rxh7+ Kf6 45. Rxa7 Rxf2 46. Kxc5 Rxg2 47. b4 Rc2+ 48. Kd4 g4 49. Ra8 Kg7 50. Ra5 Kf6 51. Ra8 Kg7 52. Ra5 Kf6 53. Re5 g3 54. Re1 g2 55. Ke3 Ra2 56. Kf3 Rxa3+ 57. Kxg2 Rb3 58. Re4 Kf5 59. Rc4 e5 60. Kf2 e4 61. Ke2 Kf4 62. Rc2 Rxb4 63. Ra2 Rb3 64. Kf2 Rh3 65. Kg2 Rh7 66. Rf2+ Ke3 67. Ra2 Rd7 68. Kf1 Rd1+ 69. Kg2 Rd2+ 70. Rxd2 Kxd2 0-1


[Site "https://www.chess.com"]

[Event "Titled Tuesday Blitz May 4 2021"]
[White "de Leon, Patricia"]
[Black "Onufrienko, Vladislav"]
[WhiteFideId "3000273"]
[BlackFideId "13804332"]
[WhiteElo "1989"]
[BlackElo "1661"]
[Result "0-1"]
[Round "02"]
[TimeControl "180+1"]
[Date "2021.05.04"]
[WhiteClock "0:00:01"]
[BlackClock "0:00:42"]

1. d4 d5 2. c4 c6 3. cxd5 cxd5 4. Nc3 Nf6 5. Bf4 Nc6 6. e3 Bf5 7. Rc1 e6 8. Nf3 Be7 9. Be2 O-O 10. O-O Rc8 11. Qa4 a6 12. a3 Qb6 13. b4 Qa7 14. Qb3 b5 15. Nb1 Nd7 16. Nbd2 Nb6 17. Ne5 Nxe5 18. Bxe5 Nc4 19. Qa2 Nxe5 20. dxe5 Qb8 21. Qb2 f6 22. exf6 Bxf6 23. Qa2 Qd6 24. Nb3 e5 25. Nc5 Kh8 26. Rfd1 Bg6 27. Rxd5 Qb6 28. Qd2 Rcd8 29. Rd1 Rxd5 30. Qxd5 Rd8 31. Qb7 Qxb7 32. Nxb7 Rxd1+ 33. Bxd1 Bd3 34. Nc5 e4 35. Nxa6 Bb2 36. a4 bxa4 37. Nc5 a3 38. Bb3 Bb1 39. b5 a2 40. Bxa2 Bxa2 41. b6 Bd5 42. b7 Be5 0-1


[Site "https://www.chess.com"]

[Event "Titled Tuesday Blitz May 4 2021"]
[White "freshfoodcompany"]
[Black "Necula, Iulian"]
[BlackFideId "1232380"]
[WhiteElo "2364"]
[BlackElo "1776"]
[Result "0-1"]
[Round "02"]
[TimeControl "180+1"]
[Date "2021.05.04"]
[WhiteClock "0:00:05"]
[BlackClock "0:00:37"]

1. d4 d6 2. c4 f5 3. Nc3 Nf6 4. g3 g6 5. Bg2 Bg7 6. e4 O-O 7. Nge2 c6 8. O-O fxe4 9. Nxe4 Nxe4 10. Bxe4 Nd7 11. Bf4 Nf6 12. Bg2 Bg4 13. h3 Bf5 14. Nc3 Be6 15. Qd3 Nh5 16. Bd2 Qb6 17. d5 Bf5 18. Qe2 Nxg3 19. Qe3 Qxe3 20. fxe3 Nh5 21. e4 Bd7 22. Rxf8+ Rxf8 23. Rf1 Bd4+ 24. Kh2 Be5+ 25. Kg1 Nf4 26. Bxf4 Bxf4 27. Ne2 Be3+ 28. Kh2 Rxf1 29. Bxf1 cxd5 30. exd5 Kg7 31. Kg3 Kf6 32. Kf3 Bh6 33. Ke4 Bf5+ 34. Kd4 Bb1 35. Nc3 Bf5 36. Ne4+ Kf7 37. c5 Bg7+ 38. Ke3 dxc5 39. Nxc5 b6 40. Nd3 Ke8 41. b3 Kd7 42. Nf4 Kd6 43. Ne6 Bh6+ 44. Kd4 Bb1 45. a4 Ba2 46. Bc4 Bb1 47. Kc3 Bf5 48. Kd4 Bxh3 49. Bd3 Bxe6 50. dxe6 Kxe6 51. Ke4 Bg7 52. Bc4+ Kd6 53. Bg8 h6 54. Bf7 g5 55. Bh5 Ke6 56. b4 Kf6 57. b5 e6 58. Be8 Bf8 59. Bh5 Bd6 60. Be8 Bb4 61. Bh5 Bd2 62. Be8 Bf4 63. Bh5 Ke7 64. Bg6 Kd6 65. Kd4 e5+ 66. Ke4 Kc5 67. Kf5 Kb4 68. Kg4 Kxa4 69. Bd3 e4 70. Be2 e3 71. Kh5 Kb4 72. Kxh6 g4+ 73. Kh5 g3 74. Bf3 e2 75. Bxe2 g2 76. Kg4 g1=Q+ 77. Kxf4 Qf2+ 78. Bf3 Kxb5 0-1


[Site "https://www.chess.com"]

[Event "Titled Tuesday Blitz May 4 2021"]
[White "maxsergej"]
[Black "Kakabayev, Mergen"]
[BlackFideId "14002990"]
[WhiteElo "2042"]
[BlackElo "2302"]
[Result "0-1"]
[Round "02"]
[TimeControl "180+1"]
[Date "2021.05.04"]
[WhiteClock "0:01:07"]
[BlackClock "0:02:26"]

1. e4 e5 2. Nf3 Nc6 3. Bb5 a6 4. Ba4 Nf6 5. O-O Be7 6. Re1 b5 7. Bb3 d6 8. a4 Na5 9. axb5 Nxb3 10. cxb3 O-O 11. Nc3 Bb7 12. bxa6 Rxa6 13. Rxa6 Bxa6 14. d4 exd4 15. Nxd4 Qa8 16. Nf5 Bd8 17. Qf3 Bb7 18. Qg3 g6 19. Nh6+ Kg7 20. Nf5+ Kh8 21. Bh6 Re8 22. Bg7+ Kg8 23. Bxf6 Bxf6 24. Ne3 Bxe4 25. Ned5 Bxd5 26. Rxe8+ Qxe8 0-1


[Site "https://www.chess.com"]

[Event "Titled Tuesday Blitz May 4 2021"]
[White "tylityli"]
[Black "DraG0s3L"]
[WhiteElo "2326"]
[BlackElo "2543"]
[Result "1-0"]
[Round "02"]
[TimeControl "180+1"]
[Date "2021.05.04"]
[WhiteClock "0:00:14"]
[BlackClock "0:00:18"]

1. d4 Nf6 2. c4 e6 3. Nc3 Bb4 4. e3 O-O 5. Ne2 c6 6. a3 Ba5 7. b4 Bc7 8. Bb2 d5 9. Nf4 Re8 10. Be2 e5 11. dxe5 Bxe5 12. Nd3 Bd6 13. cxd5 cxd5 14. O-O Nc6 15. Nb5 Bf8 16. Nd4 Be6 17. Rc1 Rc8 18. Nxc6 bxc6 19. Qa4 Qd7 20. Bxf6 gxf6 21. Nc5 Qd6 22. h3 Re7 23. Ba6 Rb8 24. Qc2 Qe5 25. Bd3 h6 26. Bh7+ Kg7 27. Nd3 Qg5 28. f4 Qg3 29. Rf3 Qh4 30. Nc5 d4 31. exd4 Bd5 32. Be4 Rxe4 33. Nxe4 Re8 34. Rg3+ Kh8 35. Rg4 Bxe4 36. Rxh4 Bxc2 37. Rxc2 Re3 38. Rxc6 Rxa3 39. Rc8 Kg7 40. Rg4+ Kh7 41. Rxf8 h5 42. Rxf7+ Kh6 43. Rg8 Rb3 44. Rxf6+ Kh7 45. Rb8 a5 46. b5 a4 47. Ra6 Rb1+ 48. Kh2 Rxb5 49. Rxb5 1-0


[Site "https://www.chess.com"]

[Event "Titled Tuesday Blitz May 4 2021"]
[White "volunteers1998"]
[Black "Lehtosaari, Mauri"]
[BlackFideId "501999"]
[WhiteElo "2189"]
[BlackElo "2407"]
[Result "0-1"]
[Round "02"]
[TimeControl "180+1"]
[Date "2021.05.04"]
[WhiteClock "0:00:01"]
[BlackClock "0:00:10"]

1. e4 d5 2. exd5 Qxd5 3. Nc3 Qd8 4. d4 c6 5. Nf3 Bf5 6. Bc4 e6 7. O-O Be7 8. Re1 Nf6 9. Nh4 Bg4 10. Qd3 Nd5 11. Nf3 Bf5 12. Qe2 Nxc3 13. bxc3 O-O 14. Bd3 Bg6 15. Bxg6 hxg6 16. Rb1 Qc7 17. Ne5 Nd7 18. Bf4 Nxe5 19. Bxe5 Qd7 20. Qe4 b6 21. Re3 f5 22. Qd3 Rae8 23. Rbe1 Bf6 24. f4 Kf7 25. Qe2 b5 26. c4 Bxe5 27. dxe5 Qd4 28. cxb5 cxb5 29. g3 a6 30. Qd3 Rd8 31. Qxd4 Rxd4 32. Rc3 Rfd8 33. Rc6 Ra4 34. Rc7+ Kg8 35. Re2 Rxa2 36. Kf2 b4 37. Rc6 Kf7 38. Rc7+ Kf8 39. Rc6 Ke7 40. Rc7+ Rd7 41. Rc5 a5 42. c3 Rxe2+ 43. Kxe2 Ra7 44. cxb4 axb4 45. Rb5 Ra2+ 46. Kf3 Rb2 47. Rb7+ Kf8 48. Rb8+ Ke7 49. Rb7+ Kd8 50. Ke3 b3 51. Kd3 Rb1 52. Kc3 Rc1+ 0-1


[Site "https://www.chess.com"]

[Event "Titled Tuesday Blitz May 4 2021"]
[White "zmeeed67"]
[Black "Sanal, Vahap"]
[BlackFideId "6300545"]
[WhiteElo "2564"]
[BlackElo "2507"]
[Result "0-1"]
[Round "02"]
[TimeControl "180+1"]
[Date "2021.05.04"]
[WhiteClock "0:00:02"]
[BlackClock "0:00:16"]

1. d4 Nf6 2. c4 g6 3. Nc3 Bg7 4. e4 O-O 5. Be2 d6 6. Bg5 c5 7. d5 e6 8. Qd2 exd5 9. exd5 Re8 10. Nf3 Bg4 11. O-O Nbd7 12. Rfe1 Bxf3 13. Bxf3 Ne5 14. Be2 a6 15. Qc2 h6 16. Bd2 Rb8 17. a4 Nh7 18. f4 Nd7 19. Bd3 Qh4 20. g3 Bd4+ 21. Kg2 Qd8 22. Rxe8+ Qxe8 23. Re1 Qf8 24. Qd1 Re8 25. Rxe8 Qxe8 26. Qe2 Qf8 27. a5 h5 28. b3 Qd8 29. Ne4 Ndf6 30. h3 Nxe4 31. Qxe4 Nf6 32. Qe2 Kg7 33. Bc2 Qd7 34. Bd3 Qd8 35. Bc2 Ng8 36. Qe4 Qd7 37. f5 Nf6 38. Qf3 Be5 39. fxg6 fxg6 40. Qe3 Ng8 41. Qg5 Qf7 42. Bf4 Bxf4 43. Qxf4 Qe7 44. Qe4 Qf6 45. Qf4 Qxf4 46. gxf4 Kf6 47. Kf3 Ne7 48. h4 Nc8 49. f5 gxf5 50. Kf4 Ne7 51. Bb1 Ng6+ 52. Kg3 f4+ 53. Kf3 Nxh4+ 54. Kxf4 Ng6+ 55. Kg3 Kg5 56. Be4 Nf4 57. Bh7 h4+ 58. Kf3 Nh5 59. Bg8 Ng7 60. Bf7 Nf5 61. Be8 Nd4+ 62. Kg2 Nxb3 63. Bc6 Nxa5 0-1


[Site "https://www.chess.com"]

[Event "Titled Tuesday Blitz May 4 2021"]
[White "Abdusattorov, Nodirbek"]
[Black "Demin, Vladimir"]
[WhiteFideId "14204118"]
[BlackFideId "4167457"]
[WhiteElo "2662"]
[BlackElo "2455"]
[Result "1-0"]
[Round "03"]
[TimeControl "180+1"]
[Date "2021.05.04"]
[WhiteClock "0:01:44"]
[BlackClock "0:00:41"]

1. d4 Nf6 2. c4 e5 3. dxe5 Ng4 4. e4 Nxe5 5. Nc3 Bc5 6. f4 Nec6 7. Bd3 O-O 8. Nf3 Re8 9. Qe2 Nd4 10. Nxd4 Bxd4 11. Bd2 Nc6 12. O-O-O d6 13. h4 Bc5 14. g4 Nd4 15. Qg2 a6 16. g5 b5 17. g6 fxg6 18. h5 b4 19. Nd5 b3 20. a3 c6 21. hxg6 cxd5 22. Rxh7 Kf8 23. f5 dxe4 24. Bg5 Ne6 25. Rh8# 1-0


[Site "https://www.chess.com"]

[Event "Titled Tuesday Blitz May 4 2021"]
[White "Acor, Corey"]
[Black "Lagunow, Raphael"]
[WhiteFideId "2024861"]
[BlackFideId "24652644"]
[WhiteElo "2744"]
[BlackElo "2400"]
[Result "1-0"]
[Round "03"]
[TimeControl "180+1"]
[Date "2021.05.04"]
[WhiteClock "0:02:21"]
[BlackClock "0:01:24"]

1. e4 c5 2. Nc3 Nc6 3. g3 g6 4. Bg2 Bg7 5. d3 e5 6. Be3 d6 7. f4 Nge7 8. Nf3 Nd4 9. O-O O-O 10. Qd2 Be6 11. Nh4 exf4 12. Bxf4 Qd7 13. Rf2 d5 14. Bh6 f5 15. Bxg7 Kxg7 16. Raf1 Rad8 17. exf5 Nexf5 18. Nxf5+ Nxf5 19. g4 Nh4 20. Rxf8 Rxf8 21. Rxf8 Kxf8 22. Qh6+ 1-0


[Site "https://www.chess.com"]

[Event "Titled Tuesday Blitz May 4 2021"]
[White "Alavi, Sayed Javad"]
[Black "Sirosh, Ilja"]
[WhiteFideId "12500607"]
[BlackFideId "4500458"]
[WhiteElo "2495"]
[BlackElo "2241"]
[Result "0-1"]
[Round "03"]
[TimeControl "180+1"]
[Date "2021.05.04"]
[WhiteClock "0:00:03"]
[BlackClock "0:00:05"]

1. Nf3 d5 2. d4 c5 3. e3 Nf6 4. c4 e6 5. cxd5 exd5 6. Bb5+ Nc6 7. O-O cxd4 8. Nxd4 Bd7 9. Nc3 Bd6 10. b3 a6 11. Be2 Qc7 12. Nf3 Be6 13. Bb2 O-O 14. Rc1 Rad8 15. h3 Rfe8 16. Na4 Ne4 17. Nd4 Qe7 18. Nxe6 Qxe6 19. Bg4 Qg6 20. Qf3 Ne5 21. Qf5 Nd3 22. Rc2 Nxb2 23. Qxg6 hxg6 24. Nxb2 f5 25. Bf3 Ba3 26. Rfc1 Rd7 27. Kf1 Kf7 28. Rc7 Rd8 29. Rxd7+ Rxd7 30. Rc2 Kf6 31. Nd3 Bd6 32. Ke2 Rc7 33. Rxc7 Bxc7 34. Bxe4 dxe4 35. Nb4 Ke5 36. Nc2 b5 37. h4 Bb6 38. b4 Kd5 39. Kd2 Kc4 40. g3 Ba7 41. Kc1 Kc3 42. Kd1 Bb8 43. Nd4 Bd6 44. Ne6 Kxb4 45. Nxg7 Ka3 46. h5 gxh5 47. Nxf5 Bc5 48. Ng7 Kxa2 49. Nxh5 b4 50. Nf4 b3 51. Ne2 Bb4 52. Nc1+ Ka3 53. g4 b2 54. Kc2 bxc1=Q+ 55. Kxc1 Be7 0-1


[Site "https://www.chess.com"]

[Event "Titled Tuesday Blitz May 4 2021"]
[White "Alavkin, Arseny"]
[Black "Cunjalo, Faris"]
[WhiteFideId "4120612"]
[BlackFideId "14410710"]
[WhiteElo "2416"]
[BlackElo "2234"]
[Result "1/2-1/2"]
[Round "03"]
[TimeControl "180+1"]
[Date "2021.05.04"]
[WhiteClock "0:00:13"]
[BlackClock "0:00:19"]

1. c4 b6 2. Nc3 Bb7 3. Nf3 e6 4. g3 Nf6 5. Bg2 c5 6. O-O Be7 7. Re1 O-O 8. e4 d6 9. d4 cxd4 10. Nxd4 Qc7 11. Ndb5 Qd7 12. Bf4 Rd8 13. h3 Nc6 14. Be3 a6 15. Nd4 Ne5 16. b3 Qc7 17. f4 Nc6 18. Rc1 Nxd4 19. Qxd4 Nd7 20. Qd2 Nc5 21. g4 Bf6 22. Bf2 g6 23. g5 Bg7 24. h4 Rac8 25. h5 Qe7 26. h6 Bh8 27. f5 Be5 28. Bd4 Nd7 29. Qe3 Bxd4 30. Qxd4 Ne5 31. f6 Qc7 32. Red1 Bc6 33. Kf2 Kf8 34. Kg1 Qb7 35. Ne2 Ke8 36. Nf4 Rd7 37. b4 Qc7 38. Rc3 Bb7 39. Rdc1 Nc6 40. Qe3 Nxb4 41. Rb3 a5 42. a3 Na6 43. Rxb6 Nc5 44. Rcb1 Kf8 45. Nd3 Ba8 46. Nxc5 Qxc5 47. Qxc5 dxc5 48. e5 Bxg2 49. Kxg2 Ke8 50. Kf3 Rd3+ 51. Ke4 Rcd8 52. Rd6 R8xd6 53. exd6 Rxd6 54. Rb8+ Rd8 55. Rb7 Rd4+ 56. Ke5 Rxc4 57. Rb8+ Kd7 58. Rh8 Rg4 59. Rxh7 Rxg5+ 60. Ke4 Rh5 61. Rxf7+ Kd6 62. h7 Rh4+ 63. Kd3 Ke5 64. Kc3 g5 65. Kd3 a4 66. Ke3 Rh3+ 67. Kf2 g4 68. Kg2 c4 69. Rc7 Kxf6 70. Rxc4 Rxh7 71. Rxg4 Ra7 72. Kf3 Kf5 73. Rb4 e5 74. Ke3 Rh7 75. Rxa4 Rh3+ 76. Ke2 e4 77. Ra8 Rh2+ 78. Ke3 Rh3+ 79. Ke2 Kf4 80. Rf8+ Ke5 81. Re8+ Kd4 82. Rd8+ Ke5 83. Re8+ Kd4 84. Rd8+ Ke5 85. a4 Rh2+ 86. Ke3 Rh3+ 87. Ke2 Ra3 88. Re8+ Kf4 89. Rf8+ Ke5 90. Re8+ Kd4 91. Rd8+ Kc5 92. Re8 Rxa4 93. Ke3 Kd5 94. Rd8+ Ke5 95. Re8+ Kf5 96. Rf8+ Kg5 97. Re8 Ra1 98. Rxe4 Re1+ 99. Kd4 Rxe4+ 100. Kxe4 1/2-1/2


[Site "https://www.chess.com"]

[Event "Titled Tuesday Blitz May 4 2021"]
[White "Alboredo, Julia"]
[Black "Camlar, Arda"]
[WhiteFideId "2124807"]
[BlackFideId "44576692"]
[WhiteElo "2041"]
[BlackElo "2007"]
[Result "1-0"]
[Round "03"]
[TimeControl "180+1"]
[Date "2021.05.04"]
[WhiteClock "0:00:40"]
[BlackClock "0:00:17"]

1. e4 c5 2. Nf3 e6 3. b3 Nc6 4. Bb2 Nge7 5. Bb5 a6 6. Bxc6 Nxc6 7. O-O d6 8. d4 cxd4 9. Nxd4 e5 10. Nf3 Be7 11. c4 Bg4 12. h3 Bh5 13. Qd3 O-O 14. Nc3 Bg6 15. Rad1 f5 16. exf5 Bxf5 17. Qe3 Qe8 18. Nd5 Qf7 19. Ng5 Bxg5 20. Qxg5 h6 21. Qg3 Rad8 22. f4 e4 23. Ne3 Ne7 24. Rd2 Qg6 25. Nxf5 Rxf5 26. Qxg6 Nxg6 27. g3 h5 28. Rfd1 h4 29. Rxd6 Rxd6 30. Rxd6 Kh7 31. Rd7 hxg3 32. Bxg7 Nxf4 33. Be5+ Kg6 34. Bxf4 Rxf4 35. Kg2 Rf3 36. Re7 Re3 37. Rxb7 Kf5 38. Rf7+ Kg5 39. Re7 Kf4 40. Rf7+ Kg5 41. c5 Rc3 42. b4 Kh4 43. Rf4+ Kg5 44. Rxe4 Rc2+ 45. Kxg3 Rxa2 46. Rc4 1-0


[Site "https://www.chess.com"]

[Event "Titled Tuesday Blitz May 4 2021"]
[White "Albuquerque Junior,Wellington S."]
[Black "Cella, Glaucio Dalla Cortt"]
[WhiteFideId "2151480"]
[BlackFideId "2119455"]
[WhiteElo "2042"]
[BlackElo "2011"]
[Result "1-0"]
[Round "03"]
[TimeControl "180+1"]
[Date "2021.05.04"]
[WhiteClock "0:00:23"]
[BlackClock "0:00:10"]

1. d4 Nf6 2. Nc3 e6 3. e4 Bb4 4. e5 Nd5 5. Qg4 g6 6. Bd2 c5 7. a3 cxd4 8. axb4 dxc3 9. bxc3 Qc7 10. Nf3 Nxc3 11. Bd3 Nd5 12. O-O Nc6 13. Rfe1 a6 14. b5 Nce7 15. h4 h5 16. Qg5 Nf5 17. c4 Nde7 18. Qf6 Rg8 19. Ng5 Rf8 20. Nh7 Rg8 21. Qg5 Rg7 22. Nf6+ Kf8 23. Bb4 a5 24. Ba3 b6 25. Bxf5 gxf5 26. Qh6 1-0


[Site "https://www.chess.com"]

[Event "Titled Tuesday Blitz May 4 2021"]
[White "AldokhinIvan"]
[Black "Jumabayev, Rinat"]
[BlackFideId "13702661"]
[WhiteElo "2541"]
[BlackElo "2535"]
[Result "1-0"]
[Round "03"]
[TimeControl "180+1"]
[Date "2021.05.04"]
[WhiteClock "0:00:22"]
[BlackClock "0:00:13"]

1. e4 c5 2. Nf3 d6 3. d4 cxd4 4. Nxd4 Nf6 5. Nc3 a6 6. Bc4 e6 7. Bb3 Be7 8. Qe2 Qc7 9. Be3 Nc6 10. O-O-O Na5 11. g4 b5 12. g5 Nxb3+ 13. axb3 Nd7 14. Nf5 exf5 15. Nd5 Qd8 16. exf5 Bb7 17. f6 gxf6 18. gxf6 Nxf6 19. Bb6 Bxd5 20. Bxd8 Rxd8 21. Rxd5 Nxd5 22. Re1 Rd7 23. Qe4 Nc7 24. Qc6 Rg8 25. f4 Rg4 26. Qf3 Rg6 27. f5 Rf6 28. Qg2 Kd8 29. Qb7 1-0


[Site "https://www.chess.com"]

[Event "Titled Tuesday Blitz May 4 2021"]
[White "Alexeev, Alexey"]
[Black "Nazaretyan, Tigran"]
[WhiteFideId "14106663"]
[BlackFideId "24162345"]
[WhiteElo "2185"]
[BlackElo "2276"]
[Result "0-1"]
[Round "03"]
[TimeControl "180+1"]
[Date "2021.05.04"]
[WhiteClock "0:01:38"]
[BlackClock "0:01:48"]

1. e4 c5 2. a3 g6 3. b4 Bg7 4. Nc3 d6 5. g3 Nf6 6. Bg2 Nc6 7. Rb1 Nd4 8. Nce2 O-O 9. Nxd4 cxd4 10. Ne2 e5 11. O-O d5 12. d3 dxe4 13. dxe4 Be6 14. f4 Bc4 15. h3 exf4 16. gxf4 Re8 17. e5 Nd5 18. Rf2 Bxe2 19. Qxe2 Nc3 20. Qc4 Nxb1 21. Bb2 Nc3 22. Bxc3 dxc3 23. Qxc3 Rc8 24. Qe1 Qd4 25. Kh2 Bh6 26. Be4 Rc4 0-1


[Site "https://www.chess.com"]

[Event "Titled Tuesday Blitz May 4 2021"]
[White "Almeida Junior, Alvaro Alves de"]
[Black "Mohammad Fahad, Rahman"]
[WhiteFideId "2149974"]
[BlackFideId "10207791"]
[WhiteElo "2097"]
[BlackElo "2308"]
[Result "0-1"]
[Round "03"]
[TimeControl "180+1"]
[Date "2021.05.04"]
[WhiteClock "0:00:21"]
[BlackClock "0:00:52"]

1. e4 c5 2. Nf3 d6 3. d4 cxd4 4. Nxd4 Nf6 5. Nc3 Nc6 6. Be2 e5 7. Nb3 Be6 8. O-O Be7 9. f4 O-O 10. Kh1 a5 11. a4 Nb4 12. f5 Bd7 13. Bg5 Bc6 14. Bxf6 Bxf6 15. Bb5 Rc8 16. Nxa5 Qxa5 17. Qxd6 Rfd8 18. Qc5 Nxc2 19. Rad1 Bxb5 20. Qxb5 Qxb5 21. Nxb5 Nd4 22. Nc3 Rc4 23. a5 Rb4 24. Rb1 Nc6 25. a6 bxa6 26. Ra1 a5 27. h3 Rxb2 28. Nd5 Bg5 29. Rf3 h6 30. Rc3 Nb4 31. Rxa5 Nxd5 32. Rxd5 Rxd5 33. exd5 Rd2 0-1


[Site "https://www.chess.com"]

[Event "Titled Tuesday Blitz May 4 2021"]
[White "Alvarez Fernandez, Enrique"]
[Black "Nosacheva, Mariya"]
[WhiteFideId "2227398"]
[BlackFideId "34111422"]
[WhiteElo "2316"]
[BlackElo "2035"]
[Result "1-0"]
[Round "03"]
[TimeControl "180+1"]
[Date "2021.05.04"]
[WhiteClock "0:00:18"]
[BlackClock "0:00:15"]

1. e4 c5 2. Nf3 d6 3. d4 cxd4 4. Nxd4 Nf6 5. Nc3 a6 6. h3 e5 7. Nde2 h5 8. g3 Be6 9. Bg2 Nbd7 10. a3 Rc8 11. Be3 b5 12. O-O Nb6 13. b3 d5 14. Bxb6 Qxb6 15. exd5 Bf5 16. Qd2 Bc5 17. b4 Bd4 18. Nxd4 exd4 19. Rfe1+ Kf8 20. Ne4 Nxe4 21. Bxe4 Bxh3 22. Rad1 Rc4 23. Qf4 Rh6 24. Bd3 Rc8 25. Re4 h4 26. Rxd4 hxg3 27. fxg3 Re8 28. d6 Qc6 29. Be4 Qd7 30. c4 bxc4 31. Rxc4 Qe6 32. d7 Rd8 33. Rc8 Qb6+ 34. Rc5 Rxd7 35. Rxd7 Bxd7 36. Qe3 Re6 37. Qd4 Qd6 38. Rd5 Qxg3+ 39. Kf1 Qf4+ 40. Kg2 Qxe4+ 41. Qxe4 Rxe4 42. Rxd7 Re3 43. Ra7 Rxa3 44. b5 Ra2+ 45. Kf3 a5 46. b6 Rb2 47. b7 g5 48. Ra8+ Kg7 49. b8=Q Rxb8 50. Rxb8 a4 51. Ra8 f5 52. Rxa4 1-0


[Site "https://www.chess.com"]

[Event "Titled Tuesday Blitz May 4 2021"]
[White "Amarasinghe, A A C B"]
[Black "Gombocz, Ferenc Jr."]
[WhiteFideId "9901809"]
[BlackFideId "775029"]
[WhiteElo "1778"]
[BlackElo "1913"]
[Result "0-1"]
[Round "03"]
[TimeControl "180+1"]
[Date "2021.05.04"]
[WhiteClock "0:01:27"]
[BlackClock "0:01:10"]

1. c4 c5 2. g3 g6 3. Bg2 Bg7 4. Nf3 Nc6 5. O-O d6 6. Nc3 Bf5 7. d3 Qd7 8. Qc2 Bh3 9. Bd2 h5 10. Nd5 h4 11. Bxh3 Qxh3 12. Nc7+ Kd8 13. Ng5 Qg4 14. Nxa8 hxg3 15. Nxf7+ Ke8 16. Nxh8 Nd4 17. Qa4+ b5 18. Qxa7 Nxe2+ 19. Kg2 gxh2+ 20. Kxh2 Be5+ 21. f4 Qg3+ 22. Kh1 Qh3# 0-1


[Site "https://www.chess.com"]

[Event "Titled Tuesday Blitz May 4 2021"]
[White "Amorim, Daniel Madson De Medeiro"]
[Black "Kubicka, Anna"]
[WhiteFideId "2124912"]
[BlackFideId "1152254"]
[WhiteElo "2179"]
[BlackElo "2010"]
[Result "0-1"]
[Round "03"]
[TimeControl "180+1"]
[Date "2021.05.04"]
[WhiteClock "0:01:28"]
[BlackClock "0:02:29"]

1. d4 Nf6 2. c4 g6 3. Nc3 Bg7 4. e4 O-O 5. Nf3 d6 6. h3 e5 7. d5 a5 8. g4 Na6 9. Be3 Nc5 10. Nd2 c6 11. Be2 cxd5 12. cxd5 b6 13. g5 Ne8 14. h4 Ba6 15. Bxa6 Rxa6 16. Qe2 Ra7 17. Nb5 Rd7 18. f3 Nc7 19. Nxc7 Rxc7 20. Rc1 Nd3+ 0-1


[Site "https://www.chess.com"]

[Event "Titled Tuesday Blitz May 4 2021"]
[White "Antonio, Jorge Carlos"]
[Black "Alice, Mateus Felizardo Viageiro"]
[WhiteFideId "113190"]
[BlackFideId "14800047"]
[WhiteElo "2247"]
[BlackElo "2189"]
[Result "1-0"]
[Round "03"]
[TimeControl "180+1"]
[Date "2021.05.04"]
[WhiteClock "0:01:14"]
[BlackClock "0:01:46"]

1. e4 c5 2. Nf3 d6 3. d4 cxd4 4. Nxd4 Nf6 5. Nc3 a6 6. f4 e5 7. Nb3 Qc7 8. Bd3 Be7 9. Qf3 Nbd7 10. g4 exf4 11. Bxf4 Ne5 12. Bxe5 Bxg4 13. Nd5 Bxf3 14. Nxc7+ Kd8 15. Nxa8 Bxh1 16. Bxf6 Bxf6 17. Kf2 a5 18. Rxh1 a4 19. Na5 Ke7 20. c3 Rxa8 21. Nc4 a3 22. Ne3 axb2 23. Nd5+ Kf8 24. Nxf6 Rxa2 25. Rb1 gxf6 26. Ke2 Ke7 27. Kd2 b6 28. Kc2 1-0


[Site "https://www.chess.com"]

[Event "Titled Tuesday Blitz May 4 2021"]
[White "Arabidze, Meri"]
[Black "Jacobson, Brandon"]
[WhiteFideId "13604040"]
[BlackFideId "30901561"]
[WhiteElo "2432"]
[BlackElo "2362"]
[Result "0-1"]
[Round "03"]
[TimeControl "180+1"]
[Date "2021.05.04"]
[WhiteClock "0:00:07"]
[BlackClock "0:00:10"]

1. Nf3 d5 2. d4 Nf6 3. c4 e6 4. g3 h6 5. Bg2 Bd6 6. O-O O-O 7. b3 b6 8. cxd5 exd5 9. Ba3 Bb7 10. Bxd6 Qxd6 11. Nc3 a6 12. Rc1 Re8 13. e3 Nbd7 14. Qc2 Rac8 15. Rfd1 Ne4 16. Nxe4 dxe4 17. Nd2 Nf6 18. Nc4 Qe6 19. b4 Bd5 20. Bf1 Qf5 21. a4 Re6 22. a5 b5 23. Ne5 c6 24. f4 Ne8 25. g4 Qh7 26. Qg2 Re7 27. f5 Nd6 28. h4 Rec7 29. Qg3 h5 30. Bh3 hxg4 31. Qxg4 f6 32. Ng6 Nc4 33. Rc3 Qh6 34. Kf2 Re8 35. Rg1 Bf7 36. Nf4 Nb2 37. d5 Nd3+ 38. Nxd3 exd3 39. Qg3 Bxd5 40. Rxd3 Rce7 41. h5 Re4 42. Bg2 Rxb4 43. Bxd5+ cxd5 44. Rxd5 Rb2+ 45. Kf3 Rxe3+ 46. Kg4 Qg5+ 47. Kh3 Qxh5# 0-1


[Site "https://www.chess.com"]